Map: Pillars of Gold LE

Players

PtitDrogo

  • Race: Protoss Protoss
  • League: Master
  • Spawn Location: 7:00

Serral - Winner!

  • Race: Zerg Zerg
  • League: Grandmaster
  • Spawn Location: 1:00

Event: War Chest Team League

VOD

https://youtu.be/KESLBbDwSdc

Description

Time

  • Played on: Aug. 13, 2020, 10:24 a.m.
  • Length: 11:28
Show
View Real Time Build Order
Export as new Build Order

PtitDrogo Protoss 

Build Orders: Archon Immortal 

Get SALT Encoding   

  12  0:00  Probe  
  13  0:12  Probe  
  14  0:19  Pylon  
  14  0:24  Probe  
  15  0:37  Probe (Chrono Boost)  
  16  0:44  Gateway  
  16  0:47  Probe (Chrono Boost)  
  17  0:53  Assimilator, Probe  
  18  1:05  Probe  
  18  1:06  Pylon  
  19  1:17  Gateway  
  20  1:18  Probe  
  20  1:31  Cybernetics Core  
  20  1:33  Zealot (Chrono Boost)  
  20  1:38  Probe  
  23  1:46  Pylon  
  23  1:53  Pylon  
  23  1:55  Probe  
  24  2:06  Warp Gate (Chrono Boost)  
  24  2:08  Adept x2  
  28  2:17  Pylon  
  28  2:19  Probe  
  29  2:38  Adept x2  
  29  2:43  Probe  
  34  3:08  Probe  
  35  3:13  Adept x2  
  35  3:16  Assimilator  
  35  3:18  Pylon  
  39  3:36  Probe  
  38  3:51  Adept x2, Nexus  
  38  3:52  Probe  
  43  4:02  Twilight Council  
  43  4:04  Probe  
  44  4:11  Shield Battery  
  44  4:13  Adept  
  44  4:16  Probe  
  47  4:24  Robotics Facility  
  47  4:41  Resonating Glaives (Chrono Boost)  
  47  4:42  Probe  
  42  4:48  Stalker  
  40  4:54  Probe  
  41  5:06  Probe (Chrono Boost)  
  43  5:10  Dark Shrine  
  43  5:11  Probe (Chrono Boost), Warp Prism  
  45  5:16  Probe (Chrono Boost)  
  45  5:19  Gateway  
  45  5:20  Probe (Chrono Boost)  
  45  5:21  Probe (Chrono Boost)  
  47  5:27  Adept  
  50  5:30  Adept  
  50  5:32  Probe  
  50  5:33  Probe  
  54  5:38  Assimilator  
  54  5:41  Pylon  
  54  5:47  Probe x2  
  54  5:48  Observer  
  54  5:49  Adept  
  59  5:52  Adept  
  61  5:59  Probe  
  61  6:00  Probe  
  61  6:01  Pylon  
  61  6:03  Pylon  
  63  6:17  Probe  
  64  6:25  Dark Templar x2  
  68  6:32  Dark Templar  
  52  6:40  Immortal (Chrono Boost)  
  55  6:47  Probe  
  55  6:57  Assimilator  
  55  7:01  Probe x2  
  57  7:04  Nexus  
  57  7:06  Pylon  
  57  7:07  Dark Templar  
  57  7:08  Adept x2  
  63  7:12  Forge  
  63  7:13  Probe  
  64  7:22  Probe  
  65  7:28  Archon  
  65  7:29  Adept x2  
  65  7:30  Probe  
  65  7:31  Protoss Ground Weapons Level 1 (Chrono Boost)  
  65  7:34  Immortal (Chrono Boost), Probe  
  71  7:41  Shield Battery  
  71  7:42  Probe  
  72  7:46  Sentry  
  72  7:47  Probe  
  75  7:54  Gateway x2  
  75  8:02  Probe x2  
  77  8:11  Immortal (Chrono Boost)  
  81  8:16  Adept x2  
  82  8:23  Adept  
  82  8:35  Probe x2  
  82  8:36  Probe  
  85  8:45  Immortal (Chrono Boost)  
  85  8:47  Pylon  
  89  8:49  Dark Templar x2  
  89  8:50  Adept  
  89  8:54  Probe  
  96  8:56  Assimilator  
  96  8:58  Archon  
  96  9:00  Assimilator  
  96  9:01  Probe  
  97  9:03  Probe  
  97  9:08  Templar Archives  
  98  9:13  Probe  
  99  9:17  Shield Battery, Dark Templar  
  99  9:19  Photon Cannon, Dark Templar  
  103  9:24  Immortal (Chrono Boost)  
  107  9:36  Gateway  
  107  9:38  Gateway  
  107  9:53  Zealot  
  107  9:54  Immortal (Chrono Boost)  
  107  9:57  Adept x2  
  113  10:10  Adept x2  
  113  10:13  Pylon  
  117  10:15  Pylon  
  117  10:17  Pylon  
  103  10:49  Adept x2  
  96  10:50  Adept  
  96  10:56  Adept  
  96  10:57  Adept x3  
  90  11:03  Probe x3  
  85  11:15  Probe  
Show
View Real Time Build Order
Export as new Build Order

Serral Zerg - Winner!

Build Orders: Hatch First 

Get SALT Encoding   

  12  0:00  Drone  
  13  0:12  Overlord  
  13  0:18  Drone  
  14  0:32  Drone x2  
  14  0:35  Drone  
  17  0:57  Hatchery  
  17  1:00  Drone  
  17  1:03  Drone  
  18  1:14  Extractor  
  17  1:19  Spawning Pool  
  17  1:23  Drone  
  17  1:27  Drone  
  17  1:30  Drone  
  19  1:38  Drone  
  20  1:55  Hatchery  
  19  2:03  Overlord  
  19  2:13  Queen  
  21  2:17  Zergling x2  
  22  2:23  Metabolic Boost  
  22  2:28  Zergling x2  
  23  2:31  Zergling x2  
  24  2:45  Zergling x2, Drone  
  26  3:03  Hatchery  
  25  3:08  Queen  
  25  3:11  Zergling x2  
  25  3:12  Zergling x2  
  29  3:14  Zergling x2  
  30  3:21  Zergling x4  
  32  3:27  Overlord  
  32  3:30  Zergling x2  
  33  3:34  Drone  
  33  3:42  Drone x2  
  35  3:48  Drone x2  
  37  3:58  Zergling x4  
  37  3:59  Drone  
  37  4:00  Drone  
  40  4:07  Queen  
  42  4:11  Drone  
  43  4:19  Zergling x4  
  43  4:20  Zergling x2  
  43  4:23  Drone x2  
  48  4:27  Overlord  
  48  4:32  Drone  
  49  4:40  Drone  
  49  4:42  Drone x2  
  48  4:46  Drone x3  
  48  4:48  Drone  
  51  4:54  Drone  
  51  4:58  Queen  
  54  5:02  Overlord  
  54  5:03  Drone x2  
  55  5:09  Overlord  
  55  5:11  Lair  
  55  5:19  Roach Warren  
  54  5:22  Drone x3  
  54  5:27  Overlord  
  57  5:29  Queen  
  57  5:30  Drone  
  57  5:31  Drone  
  57  5:33  Drone  
  62  5:37  Extractor  
  62  5:39  Drone x2  
  62  5:40  Overlord  
  62  5:42  Zergling x4  
  65  5:48  Overlord  
  65  5:53  Zergling x4  
  65  5:54  Zergling x6, Overlord  
  70  6:01  Roach  
  70  6:03  Roach x2  
  76  6:08  Spore Crawler  
  76  6:09  Spore Crawler  
  76  6:10  Overseer  
  74  6:13  Roach x5  
  86  6:23  Roach x2  
  90  6:28  Overlord  
  87  6:34  Zergling x10  
  85  6:41  Drone  
  85  6:43  Overseer, Drone x3  
  88  6:47  Drone x2  
  88  6:52  Drone x4  
  93  6:56  Drone  
  93  7:01  Overlord  
  94  7:03  Drone  
  94  7:04  Overseer  
  94  7:08  Glial Reconstitution  
  95  7:09  Extractor  
  95  7:10  Extractor, Drone x2  
  95  7:11  Evolution Chamber  
  95  7:15  Drone  
  95  7:21  Spore Crawler  
  93  7:23  Drone  
  93  7:24  Drone x4  
  93  7:29  Drone  
  95  7:33  Drone  
  95  7:35  Extractor x2  
  94  7:41  Hatchery, Zerg Missile Weapons Level 1  
  94  7:44  Drone x6  
  96  7:46  Roach x2  
  96  7:47  Roach x2  
  107  7:52  Overlord  
  107  7:53  Roach x2  
  111  7:59  Overlord  
  111  8:01  Roach  
  111  8:04  Overseer  
  111  8:05  Overlord x3  
  113  8:09  Overlord  
  113  8:14  Overlord  
  113  8:22  Hydralisk Den  
  113  8:23  Roach x4  
  113  8:24  Drone x5  
  113  8:26  Drone  
  124  8:33  Overlord  
  122  8:38  Drone  
  123  8:45  Overlord  
  123  8:46  Roach x5  
  123  8:47  Roach  
  135  8:58  Grooved Spines  
  135  8:59  Pneumatized Carapace  
  135  9:03  Hydralisk x6  
  135  9:04  Hydralisk x2  
  151  9:12  Spore Crawler  
  151  9:13  Drone  
  151  9:15  Overlord x2  
  151  9:22  Roach x2  
  159  9:31  Roach x4  
  159  9:32  Roach x2  
  159  9:35  Ravager  
  159  9:36  Ravager x2  
  170  9:47  Roach x7  
  184  9:53  Zergling x18  
  186  10:09  Muscular Augments  
  186  10:13  Drone x4  
  186  10:14  Drone x2  
  192  10:16  Drone  
  192  10:17  Ravager x2  
  192  10:18  Ravager x2  
  192  10:19  Zergling x2, Hydralisk  
  198  10:38  Hydralisk  
  181  10:53  Hydralisk x7  
  181  10:54  Zergling x28  
Tags
 
Add a new tag
Caveats
  • Supply blocks, unpowered buildings, or Contaminate may cause inaccurate times.
  • Supply counts are checked every 10 seconds.